 Dungeon Crawl Stone Soup version 0.27-a0-1144-g0b7d3b79db (webtiles) character file.

Game seed: 1799820521676464522

9 neco the Firebug (level 2, 0/17 HPs)
             Began as an Octopode Fire Elementalist on May 10, 2021.
             Slain by a jackal (1 damage)
             ... on level 2 of the Dungeon.
             The game lasted 00:05:10 (435 turns).

neco the Firebug (Octopode Fire Elementalist)        Turns: 435, Time: 00:05:11

Health: 0/17       AC:  1    Str:  7    XL:     2   Next: 16%
Magic:  3/5        EV: 13    Int: 17    God:
Gold:   39         SH:  0    Dex: 12    Spells: 4/5 levels left

rFire    . . .     SeeInvis .   (no weapon)
rCold    . . .     Faith    .   (no shield)
rNeg     . . .     Spirit   .   (helmet restricted)
rPois    .         Reflect  .   (no amulet)
rElec    .         Harm     .   (no ring)
rCorr    .         Rampage  .   (no ring)
Will     .....                  (no ring)
Stlth    +++.......             (no ring)
HPRegen  0.05/turn              (no ring)
MPRegen  0.09/turn              (no ring)
                                (no ring)
                                (no ring)

@: no status effects
A: almost no armour, amphibious, 8 rings, camouflage 1, gelatinous body 1,
(nimble swimmer 1), tentacles
a: no special abilities


You were on level 2 of the Dungeon.
You visited 1 branch of the dungeon, and saw 2 of its levels.

You collected 39 gold pieces.

Inventory:

Missiles
 d - 7 arrows
Armour
 b - a +0 ring mail
Scrolls
 a - a scroll of vulnerability {unknown}
 c - a scroll of blinking {unknown}
Potions
 e - a potion of haste {unknown}


   Skills:
 + Level 2.0 Dodging
 + Level 3.0 Stealth
 + Level 0.4 Unarmed Combat
 + Level 2.0 Spellcasting
 + Level 1.0 Conjurations
 + Level 3.3 Fire Magic


You had 4 spell levels left.
You knew the following spells:

 Your Spells              Type           Power      Damage    Failure   Level
a - Foxfire               Conj/Fire      36%        2x1d5     8%          1

Your spell library contained the following spells:

 Spells                   Type           Power      Damage    Failure   Level
 Conjure Flame            Conj/Fire      9%         6-21      24%         3
 Inner Flame              Hex/Fire       7%         N/A       28%         3
 Sticky Flame             Conj/Fire      9%         2d3       61%         4
 Fireball                 Conj/Fire      4%         3d4       91%         5


Dungeon Overview and Level Annotations

Branches:
Dungeon (2/15)

Altars:


Innate Abilities, Weirdness & Mutations

You cannot wear most types of armour.
You are amphibious.
You can wear up to eight rings at the same time.
Your skin changes colour to match your surroundings (Stealth+).
Your rubbery body absorbs attacks. (AC +1, EV +1)
((You are camouflaged near water. (Stealth+)))
You have tentacles for arms and can constrict up to eight enemies at once.


Message History

You have reached level 2!
A jackal comes into view.
A jackal comes into view.
A jackal comes into view.
The jackal closely misses you. The jackal barely misses you.
Found an escape hatch in the ceiling.
Casting: Foxfire (safe; 9% risk of failure)
Confirm with . or Enter, or press ? or * to list all spells.
You conjure some foxfire!
The jackal barely misses you. The rat misses you.
You barely miss the rat. Your grab misses the rat.
The foxfire hits the jackal.
You kill the jackal!
The rat bites you.
* * * LOW HITPOINT WARNING * * *
A giant cockroach comes into view.
The foxfire hits the jackal.
The jackal is severely wounded.
The jackal barks!
Casting: Foxfire (safe; 8% risk of failure)
Confirm with . or Enter, or press ? or * to list all spells.
You conjure some foxfire!
The jackal barks!
The rat bites you.
* * * LOW HITPOINT WARNING * * *
The foxfire hits the rat.
You kill the rat!
The foxfire hits the quokka.
The quokka is severely wounded.
Found a white potion.
The jackal barely misses you. The giant cockroach bites you.
* * * LOW HITPOINT WARNING * * *
The quokka closely misses you. The giant cockroach closely misses you.
The jackal bites you.
* * * LOW HITPOINT WARNING * * *
The jackal misses you.
There is an escape hatch in the ceiling here.
Casting: Foxfire (safe; 8% risk of failure)
Confirm with . or Enter, or press ? or * to list all spells.
You conjure some foxfire!
The jackal bites you.
You die...

#.# #.#.. #.#.#
#<#.. #.#.# ###
#.#!# .. # #.#.#
.#
#.###.#†#.######v#
..........hrB.h@v#
#.........########
##.......h...
#........####
####+#.... ###.##
#.# #.#


You could see a quokka, 2 jackals and a giant cockroach.

Vanquished Creatures
  A ball python (D:2)
  2 bats (D:1)
  2 endoplasms (D:1)
  A giant cockroach (D:1)
  A jackal (D:2)
  A rat (D:2)
8 creatures vanquished.

Vanquished Creatures (others)
  6 foxfires
  3 toadstools (D:1)
9 creatures vanquished.

Grand Total: 17 creatures vanquished

Notes
Turn   | Place    | Note
-------+----------+-------------------------------------------
     0 | D:1      | neco the Octopode Fire Elementalist began the quest for the
                  | Orb.
     0 | D:1      | Reached XP level 1. HP: 11/11 MP: 3/3
   419 | D:2      | Reached XP level 2. HP: 7/17 MP: 5/5
   435 | D:2      | Slain by a jackal

Illustrated notes

Levels and vault maps discovered:
D:1:      ncdulo_watergridlock, layout_rooms, minmay_misc_feat_encased,
          minmay_gold_behind_fungi, st_stairs_3
D:2:      layout_basic, basic_altar

Skill      XL: |  1 |
---------------+----+-----
Stealth        | 3 |  3.0
Dodging        | |  2.0
Unarmed Combat | |  0.4
Spellcasting   | |  2.0
Conjurations   | |  1.0
Fire Magic     | |  3.3

Action                   || total
-------------------------++-------
Melee: Unarmed           ||    22
       Constrict         ||     5
       Tentacles         ||     4
 Cast: Foxfire           ||     4
 Stab: Sleeping          ||     1
Armor: Skin              ||     8
Dodge: Dodged            ||    49

Table legend: (Time is in decaauts)
 A = Elapsed time spent in this place.
 B = Non-inter-level travel time spent in this place.
 C = Inter-level travel time spent in this place.
 D = Time resting spent in this place.
 E = Time spent auto-exploring this place.
 F = Levels seen in this place.
 G = Mean time per level.
                   A        B        C        D        E       F      G
               +--------+--------+--------+--------+--------+-----+--------+
         Total |    434 |    429 |      5 |    194 |      0 |   2 |  217.0 |
       Dungeon |    434 |    429 |      5 |    194 |      0 |   2 |  217.0 |
               +--------+--------+--------+--------+--------+-----+--------+

Top non-repeatable levels by time:
     D:1: 416 daAuts
     D:2: 17 daAuts
